Match 40672353
Unlisted

Match 40672353
End
Construct Infanterie Kompanie
Kettenkrad Recon Vehicle
Selects Terror Battlegroup
Selects Machine Gun Camouflage
MG 42 Machine Gun Team
Grenadier Squad
MG 42 Machine Gun Team
Medical Station
Grenadier Squad
Construct Luftwaffe Kompanie
221 Scout Car
Pioneer Squad
Jäger Squad
Jäger Squad
Flak 30 Anti-aircraft Gun Team
Construct Panzer Kompanie
Stoßtruppen Squad
Panzer IV Medium Tank
AI Takeover
Brother from another mother
Nashorn101
Chad Kensington
ryuklikesapples
0
0

Comments sign in to comment!

No comments posted yet!